 Dungeon Crawl Stone Soup version 0.30-a0-639-g3916f1956a (webtiles) character file.

Game seed: 5357795979898406846

122 acebull12 the Shield-Bearer (level 5, -1/42 HPs)
             Began as a Formicid Fighter on Jan 17, 2023.
             Killed by nerve-wracking pain
             ... invoked by Grinder
              (4 damage)
             ... on level 3 of the Dungeon.
             The game lasted 00:03:13 (1644 turns).

acebull12 the Shield-Bearer (Formicid Fighter)      Turns: 1644, Time: 00:03:14

Health: -1/42      AC: 10    Str: 23    XL:     5   Next: 27%
Magic:  5/5        EV:  7    Int:  7    God:
Gold:   125        SH:  5    Dex: 13    Spells: 4/4 levels left

rFire   . . .      SeeInvis +    a - +0 flail
rCold   . . .      Faith    .    c - +0 buckler
rNeg    . . .      Spirit   .    e - +0 chain mail
rPois   .          Reflect  .    (helmet unavailable)
rElec   .          Harm     .    q - +0 cloak
rCorr   .          Rampage  .    (no gloves)
Will    .....                    (no boots) Stlth
                                 (no amulet)
HPRegen 0.27/turn                m - +4 ring of slaying
MPRegen 0.09/turn                (no ring)

@: no status effects
A: permanent stasis, dig shafts and tunnels, antennae 3, four strong arms
a: Dig, Shaft Self


You were on level 3 of the Dungeon.
You visited 1 branch of the dungeon, and saw 3 of its levels.

You collected 125 gold pieces.

Inventory:

Hand Weapons
 a - a +0 flail (weapon)
Missiles
 l - 11 poisoned darts
Armour
 b - a +0 scale mail
 c - a +0 buckler (worn)
 e - a +0 chain mail (worn)
 q - a +0 cloak (worn)
Jewellery
 m - a +4 ring of slaying (left hand)
Scrolls
 f - a scroll of poison {unknown}
 g - 4 scrolls of noise {unknown}
 i - a scroll of silence {unknown}
 n - a scroll of teleportation {unknown}
 r - a scroll of fog {unknown}
Potions
 d - a potion of might
 h - 2 potions of heal wounds {unknown}
 j - a potion of lignification {unknown}
 k - 2 potions of curing {unknown}
 o - a potion of resistance {unknown}
 p - a potion of invisibility {unknown}


   Skills:
 + Level 3.7 Fighting
 * Level 3.6 Maces & Flails
 * Level 0.5 Throwing
 + Level 4.0 Armour
 + Level 0.1 Dodging
 + Level 4.8 Shields


You had 4 spell levels left.
You didn't know any spells.
Your spell library contained the following spells:

 Spells                   Type           Power      Damage    Failure   Level
 Manifold Assault         Tloc           0%         N/A       100%        4
 Storm Form               Tmut/Air       0%         N/A       100%        7
 Blink                    Tloc           Unusable   N/A       N/A         2

Dungeon Overview and Level Annotations

Branches:
Dungeon (3/15)

Altars:

Annotations:
D:3 Grinder


Innate Abilities, Weirdness & Mutations

You cannot be hasted, slowed, berserked, paralysed or teleported.
You can dig through walls and to a lower floor.
You have a pair of large antennae on your head. (SInv)
Your four strong arms can wield two-handed weapons with a shield.


Message History

You hit Grinder.
Grinder is moderately wounded.
Grinder hits you but does no damage.
You barely miss Grinder.
Grinder is moderately wounded.
Grinder hits you!
You writhe in agony.
The goblin shoots a sling bullet.
The sling bullet barely misses you.
Grinder says, "FISH!"
You block Grinder's attack.
You hit Grinder.
Grinder is heavily wounded.
The goblin shoots a sling bullet.
You block the sling bullet. Grinder hits you.
* * * LOW HITPOINT WARNING * * *
You writhe in agony.
* * * LOW HITPOINT WARNING * * *
The goblin shoots a sling bullet.
You block the sling bullet.
You closely miss Grinder.
Grinder is heavily wounded.
Grinder hits you but does no damage.
The goblin shoots a sling bullet.
You block the sling bullet.
You hit Grinder.
Grinder is heavily wounded.
Grinder hits you.
* * * LOW HITPOINT WARNING * * *
You writhe in agony.
* * * LOW HITPOINT WARNING * * *
The goblin attacks as you move away!
The goblin unwields a +0 sling of freezing.
The goblin wields a +0 dagger.
The goblin hits you but does no damage.
You closely miss Grinder.
Grinder is heavily wounded.
Grinder barely misses you.
You closely miss Grinder.
Grinder is heavily wounded.
Grinder barely misses you. x2
You hit Grinder but do no damage.
Grinder is heavily wounded.
Grinder gestures at you. Pain shoots through your body!
You die...

.. .# .#
#####.####.##.##
................
.....#.........
.####..#..#....>
............###...
#..†..g?.....#
##.#.###5######
.### #@# #.#. #.#
#..# #.# #..# #.#
#..####.#
###.......#
..##......####
#.........#
#.......)<#


You could see Grinder and a goblin.

Vanquished Creatures
  An orc wizard (D:2)
  4 adders (D:2)
  3 orcs
  3 ball pythons (D:2)
  4 endoplasms
  A giant cockroach (D:2)
  2 goblins (D:1)
  7 hobgoblins
  5 jackals
  2 quokkas
  9 bats
  3 frilled lizards (D:1)
  3 kobolds
  7 rats
54 creatures vanquished.

Notes
Turn   | Place    | Note
-------+----------+-------------------------------------------
     0 | D:1      | acebull12 the Formicid Fighter began the quest for the Orb.
     0 | D:1      | Reached XP level 1. HP: 18/18 MP: 1/1
    67 | D:1      | Reached XP level 2. HP: 22/24 MP: 2/2
   279 | D:1      | Reached XP level 3. HP: 29/29 MP: 3/3
   906 | D:2      | Reached XP level 4. HP: 29/37 MP: 4/4
  1549 | D:2      | Reached XP level 5. HP: 34/42 MP: 5/5
  1626 | D:3      | Noticed Grinder
  1640 | D:3      | HP: 2/42 [Grinder (3)]
  1644 | D:3      | Killed from afar by Grinder

Illustrated notes

Levels and vault maps discovered:
D:1:      amcnicky_arrival_blooded_trapdoor, layout_loops_ring
D:2:      layout_basic, kennysheep_boxes
D:3:      layout_loops_ring, serial_shops, shop_statue,
          nicolae_shop_behind_doors, uniq_grinder

Skill      XL: |  1  2  3  4  5 |
---------------+----------------+-----
Maces & Flails | 3 |  3.6
Armour         | 4 |  4.0
Fighting       | |  3.7
Throwing       | |  0.5
Dodging        | |  0.1
Shields        | |  4.8

Action                   |  1- 3 |  4- 6 || total
-------------------------+-------+-------++-------
Melee: Flail             |    84 |    64 ||   148
Armor: Chain mail        |    61 |    36 ||    97
Dodge: Dodged            |    21 |    28 ||    49
Block: Buckler           |    22 |    14 ||    36

Table legend: (Time is in decaauts)
 A = Elapsed time spent in this place.
 B = Non-inter-level travel time spent in this place.
 C = Inter-level travel time spent in this place.
 D = Time resting spent in this place.
 E = Time spent auto-exploring this place.
 F = Levels seen in this place.
 G = Mean time per level.
                   A        B        C        D        E       F      G
               +--------+--------+--------+--------+--------+-----+--------+
         Total |   1718 |   1641 |     77 |      0 |   1217 |   3 |  572.7 |
       Dungeon |   1718 |   1641 |     77 |      0 |   1217 |   3 |  572.7 |
               +--------+--------+--------+--------+--------+-----+--------+

Top non-repeatable levels by time:
     D:1: 868 daAuts
     D:2: 749 daAuts
     D:3: 100 daAuts
